 BcadrenCrawl: Boulder Brew version 0.06.7.3-23-g1ca577db0e (webtiles) character file.

Game seed: 9191760620336368948

14877 MackTheKnife the Fighter (level 11, -11/115 HPs) Blue Draconian Gladiator. Began on Nov 17, 2023. Was a Believer of Hepliaklqana. Mangled by a small abomination (16 damage) ... on level 1 of the Abyss. The game lasted 00:23:02 (9514 turns).

MackTheKnife the Fighter (Blue Draconian Gladiator) Turns: 9514, Time: 00:23:02

Health: -11/115    AC: 18    Str: 23    XL:     11 ^: 595
Magic:  0/11       EV: 12    Int: 11    God:    Hepliaklqana [2* [59]]
Gold:   305        SH: 14    Dex: 28    Spells: 10/10 levels left

rFire    + . .     Slash    +   a - +3 war axe (elec) {axe}
rCold    + . .     Pierce   x   j - +3 heater shield {rPois}
rNeg     + . .     Bludgeon .   (armour unavailable)
rCorr    . . .     Vision   .   b - +0 hat {MR+}
rPois    .         Spirit   +   G - +0 cloak {rF+}
rElec    +                      q - +1 pair of gloves {Str+3}
MR       +....                  A - +1 pair of boots {Str+3}
HPRegen  0.48/turn              x - amulet of Laloela {Spirit *Contam rC+ Str+3 Stlth+}
MPRegen  0.21/turn              y - ring of slaying
Stlth    +++++.....             F - ring of protection

@: lightly drained
A: reduced essence, fangs, camouflage 1, deformed body 2, negative energy
resistance 1, STR -3, INT +3, DEX +12, cold-blooded, forlorn, reduced EV 1,
boosted long blades aptitude, air enhancer 1, rElec, poison susceptibility 1,
draconic flesh, AC +8
a: Breathe Lightning, Renounce Religion, Recall Ancestor, Ancestor Identity


You were on level 1 of the Abyss.
You worshipped Hepliaklqana.
Hepliaklqana was pleased with you.
You were full.

You visited 4 branches of the dungeon, and saw 9 of its levels.
You visited the Abyss 1 time.
You also visited: Bailey.

You collected 365 gold pieces.
You spent 60 gold pieces at shops.


Innate Abilities, Weirdness & Mutations

Your flickering blue scales are resilient. (AC +8)
You can breathe wild blasts of lightning You cannot wear any armour on your peculiar form.
You are cold-blooded and are slowed more easily by cold attacks.
You are naturally skilled at Long Blades (Aptitude +3).
You are in touch with the powers of the sky.
Your flickering blue scales grant you resistance to electric shocks. (rElec)
Your scales resist being cut, but it's oddly easy to stick a small blade between them. (rSlashing+, rPiercing-)
Your life essence is reduced to manifest your ancestor. (-10% HP)
You have razor-sharp fangs.
Your skin changes colour to match your surroundings (Stealth++).
You resist negative energy. (rN+)
You are very weak, very clever and extremely agile. (STR -3, INT +3, DEX +12)
You have difficulty communicating with the divine.
You have somewhat slow reflexes. (EV -5)
Your flesh is particularly susceptible to poisons. (rPois-)


   Skills:
 - Level 12.1(11.9) Fighting
 + Level 10.9(10.7) Axes & Hammers
 + Level 6.9(6.7) Dodging
 + Level 6.3(6.1) Shields
 - Level 2.0(1.8) Evocations


You had 10 spell levels left.
You didn't know any spells.
Your spell library was empty.

Inventory:

Weapons
 a - a +3 war axe of electrocution (weapon) {axe} Shields
 j - a +3 heater shield of poison resistance (shield)
   (You found it on level 1 of the Dungeon)
Armour
 b - a +0 hat of magic resistance (worn)
 q - a +1 pair of gloves of strength (worn)
   (You acquired it on level 2 of the Dungeon)
 A - a +1 pair of boots of strength (worn)
   (You found it on level 3 of the Dungeon)
 G - a +0 cloak of fire resistance (worn)
   (You found it on level 6 of the Dungeon)
Jewellery
 f - an uncursed ring of stealth
   (You took it off a goblin on level 1 of the Dungeon)
 m - an uncursed ring of fire
   (You took it off a goblin on level 1 of the Dungeon)
 t - an uncursed ring of dexterity
   (You took it off an orc on level 3 of the Dungeon)
 x - the amulet of Laloela (around neck) {Spirit *Contam rC+ Str+3 Stlth+}
   (You took it off an orc on level 3 of the Dungeon)

   [amulet of guardian spirit]

   It causes incoming damage to be split between your health and magic.
   It affects your strength (+3).
   It protects you from cold.
   It causes magical contamination when unequipped.
   It makes you more stealthy.
 y - a ring of slaying (left hand)
   (You took it off a kobold in a bailey)
 B - a cursed ring of magical power {(Curse: *Contam)}
   (You took it off an orc wizard on level 5 of the Dungeon)
 C - an uncursed amulet of regeneration {@e2}
   (You took it off an orc on level 5 of the Dungeon)
 F - a ring of protection (right hand)
   (You found it on level 6 of the Dungeon)
Wands
 c - a wand of ensnaring
 o - a wand of random effects (2)
   (You took it off a wight on level 4 of the Dungeon)
 E - a wand of polymorph (9)
   (You found it on level 6 of the Dungeon)
Scrolls
 i - a scroll of magic mapping {!r}
 l - a scroll of immolation {!r!r}
 n - a scroll of fog
 r - 2 scrolls of teleportation {@r4}
Potions
 h - 5 potions of curing {@q1}
 p - 2 potions of magic
 s - a potion of resistance
 v - 2 potions of brilliance
 w - 2 potions of might
 z - 2 potions of heal wounds {@q2}
Miscellaneous
 e - 8 empty bottles
 g - a box of beasts (inert)
   (You found it on level 1 of the Dungeon)
 u - a lantern of shadows
   (You found it in a bailey)
Comestibles
 d - 19 rations {@e2}

Dungeon Overview and Level Annotations

Branches:
Dungeon (6/8)              Temple (1/1) D:4            Lair (1/6) D:5
    Orc (1/2) D:6          Bailey (visited)

Altars:
Ashenzari
Elyvilon
Fedhas Madash
Gozag Ym Sagoz
Hepliaklqana
Kikubaaqudgha
Makhleb
Nemelex Xobeh
Okawaru
Qazlal
Ru
Sif Muna
Trog
Vehumet
Wu Jian
Xom
Yredelemnul
Zin
The Shining One

Shops:
D:2

(}? ##.## #≈≈
## ##.###.≈≈.
#.. #........#
# #.#
##...#.##..
..##..##.#...##
#..........#..#
#....#.#.###.#
.#...#.## .##
#.#.@=.#.#.# #
#.x.....#
#...#.##.#
#.#...#.#
.......##..
...#...#.. ..#
##..#..##.# ..
.#..... .. .# .
..... ...


You could see a small abomination.


Message History

You eat one of the 21 rations {@e2}.
That ration really hit the spot! 😨 HP[+1]
You eat one of the 20 rations {@e2}.
That ration really hit the spot! 😨 MP[+1] 😨 HP[+1] 😨 HP[+1]
The abyss returns to normal.
The air resumes its normal movements.
You are suddenly pulled into a different region of the Abyss!
Unknown command.
Unknown command. 😨 HP[+1] MP[+1] Unknown command. 😨 HP[+1]
You feel much better. 😮 HP[+31]
You regained 31 hp, and now have 70/115 hp. 😮 HP[+1] 😮 MP[+1] 😮 HP[+1] 😮 HP[+1] 😮 HP[+1] MP[+1] Louis is recalled. 😮 HP[+1] MP[-2]
You lost 2 mp, and now have 6/11 mp. 😮 HP[+1] 😮 MP[+1] 😮 HP[+1] 😮 HP[+1] MP[+1] 😮 HP[+1]
A small abomination comes into view. 😮 HP[+1] 😮 MP[+1] 😮 HP[+1] 😮 HP[+1] 😮 HP[+1] MP[+1]
You block the small abomination's attack.
The small abomination bites you but does no damage.
The small abomination bites you (4).
You block the small abomination's attack.
The small abomination bites you but does no damage.
You block the small abomination's attack.
The small abomination bites you but does no damage.
The small abomination bites you (7)! The small abomination bites you (3).
The small abomination bites you (2). The small abomination bites you (4).
The small abomination slashes you but does no damage.
The small abomination kicks you with several mutilated limbs at once (18)!!
* * * LOW HITPOINT WARNING * * *
You stumble backwards! 😨 HP[-33] MP[-5]
You take 33 damage, and now have 50/115 hp.
MASSIVE DAMAGE!! (PAUSE)
You lost 5 mp, and now have 5/11 mp.
Unknown command. 😨 HP[+1] Unknown command.
You hit the small abomination but do no damage.
Lightning courses through the small abomination (5).
You tail-slap the small abomination, but do no damage.
Louis points at the small abomination and mumbles some strange words.
The puff of flame hits the small abomination (7)!
The small abomination bites Louis (11)!
The small abomination bites Louis (10)!
The small abomination bites Louis (8)!
The small abomination bites Louis (11)!
The small abomination bites Louis but does no damage.
The small abomination bites Louis (8)!
The small abomination bites Louis (7)!
Louis is destroyed!
The small abomination bites you but does no damage. x2
The small abomination closely misses you.
The small abomination bites you (1).
* * * LOW HITPOINT WARNING * * *
You block the small abomination's attack.
The small abomination kicks you with several mutilated limbs at once (9)!
* * * LOW HITPOINT WARNING * * *
You hold your ground! 😨 HP[-9] MP[-1]
You take 9 damage, and now have 42/115 hp.
You lost 1 mp, and now have 4/11 mp.
Unknown command.
You hit the small abomination but do no damage.
Lightning courses through the small abomination (4).
You block the small abomination's attack.
The small abomination bites you but does no damage.
You block the small abomination's attack.
The small abomination bites you (6).
* * * LOW HITPOINT WARNING * * *
The small abomination closely misses you. x2
The small abomination bites you (11)!
* * * LOW HITPOINT WARNING * * *
The small abomination bites you but does no damage.
The small abomination bites you (4).
* * * LOW HITPOINT WARNING * * *
The small abomination bites you (10)!
* * * LOW HITPOINT WARNING * * *
The small abomination closely misses you.
The small abomination slashes you (9)! You resist.
* * * LOW HITPOINT WARNING * * *
You partially resist.
You feel drained.
* * * LOW HITPOINT WARNING * * *
The small abomination kicks you with several mutilated limbs at once (17)!
You die...

Skill      XL: |  1  2  3  4  5  6  7  8  9 10 11 |
---------------+----------------------------------+-----
Fighting       | 3 4 5 6 8 10 12 | 12.1
Axes & Hammers | 3 4 5 6 7 9 10 | 10.9
Shields        | 4 6 |  6.3
Dodging        | 4 6 |  6.9
Evocations     | |  2.0

Action                   |  1- 3 |  4- 6 |  7- 9 | 10-12 || total
-------------------------+-------+-------+-------+-------++-------
Melee: War axe           |    47 |    64 |   196 |   193 ||   500
       Unarmed           |     3 |       |       |       ||     3
       Peck              |     2 |     3 |    30 |    53 ||    88
       Tailslap          |       |       |       |     6 ||     6
Invok: Ancestor Identity |       |       |     1 |       ||     1
       Recall Ancestor   |       |       |       |     1 ||     1
       Ancestor Life: Ba |       |       |       |     1 ||     1
 Abil: Breathe Lightning |       |       |     3 |     6 ||     9
Evoke: Box of beasts     |     1 |       |     2 |     1 ||     4
       Wand              |     1 |       |     2 |     8 ||    11
  Use: Scroll            |     3 |     1 |     8 |     1 ||    13
       Potion            |       |     1 |     3 |     4 ||     8
 Stab: Sleeping          |       |     2 |    16 |    22 ||    40
       Distracted        |       |       |     1 |     4 ||     5
  Eat: Chunk             |       |     4 |    12 |    12 ||    28
       Ration            |       |       |       |     2 ||     2
Armor: Skin              |    20 |    21 |    78 |    88 ||   207
Dodge: Dodged            |    11 |     7 |    11 |    29 ||    58
Block: Heater shield     |    16 |    31 |    98 |   134 ||   279

Levels and vault maps discovered:
D:1:      grunt_arrival_crossed_arrows, layout_rooms, serial_rivers,
          chequers_serial_rivers_room_b, chequers_serial_rivers_micro_a,
          chequers_serial_rivers_large_a, chequers_serial_rivers_micro_c,
          chequers_serial_rivers_room_a, chequers_serial_rivers_micro_d,
          first_ration
D:2:      layout_sewer, serial_shops, shop, kennysheep_mini, shop_fountains,
          uniq_blork_the_orc
D:3:      layout_basic
D:4:      layout_loops_cross, grunt_temple_overflow_forces_of_nature,
          lemuel_doored_altar, minmay_temple_entry_statues_fountains,
          enter_ossuary_2, basic_altar
D:5:      layout_small_grid, trog_ov_bears_minmay, lair_entry_dummy,
          enter_bailey_3, grunt_tengu_nest, nicolae_two_hexagons, uniq_grum
D:6:      layout_irregular_city, kennysheep_little_box, marbit_many_paths,
          bcadren_lemuel_inverted_doored_altar, minmay_orc_entry_guard_dogs,
          tgw_xom
Temple:   minmay_temple_bridge_abc
Lair:1:   layout_loops_ring, uniq_joseph
Orc:1:    layout_caves, basic_altar
Abyss:1:  base:
Temple

Notes
Turn   | Place    | Note
-------+----------+-------------------------------------------
     0 | D:1      | MackTheKnife the Immature Draconian Gladiator began the
                  | quest for the Orb.
     0 | D:1      | Reached XP level 1. HP: 29/29 MP: 1/1
     0 | D:1      | magus.rc [v1.9.6]
    58 | D:1      | Reached skill level 3 in Fighting
    58 | D:1      | Reached XP level 2. HP: 32/39 MP: 2/2
   281 | D:1      | Reached skill level 3 in Axes & Hammers
   362 | D:1      | Reached XP level 3. HP: 46/49 MP: 3/3
   460 | D:1      | HP: 11/49 [cinder newt (2)]
   943 | D:2      | Found Umutwo Dubra's Gadget Boutique.
   945 | D:2      | Found Byaborche's Weapon Emporium.
   963 | D:2      | Noticed Blork the orc
   977 | D:2      | Killed Blork the orc
   978 | D:2      | Reached skill level 4 in Fighting
   978 | D:2      | Reached XP level 4. HP: 49/59 MP: 4/4
  1016 | D:2      | Noticed a crocodile
  1017 | D:2      | Gained mutation: You resist negative energy. (rN+) [potion
                  | of mutation]
  1017 | D:2      | Gained mutation: You are vulnerable to cold. (rC-) [potion
                  | of mutation]
  1017 | D:2      | Gained mutation: You have somewhat slow reflexes. (EV -5)
                  | [potion of mutation]
  1024 | D:2      | HP: 11/59 [crocodile (5)]
  1025 | D:2      | Killed a crocodile
  1026 | D:2      | Reached skill level 5 in Fighting
  1026 | D:2      | Reached XP level 5. HP: 13/69 MP: 2/5
  1215 | D:2      | Reached skill level 4 in Axes & Hammers
  1464 | D:2      | Reached XP level 6. HP: 75/79 MP: 6/6
  1475 | D:2      | Reached skill level 6 in Fighting
  1900 | D:2      | Reached skill level 5 in Axes & Hammers
  1900 | D:2      | Your scales start taking on a flickering blue colour.
  1900 | D:2      | Reached XP level 7. HP: 84/89 MP: 7/7
  1900 | D:2      | Gained mutation: Your flickering blue scales grant you
                  | resistance to electric shocks. (rElec) [Blue Draconian
                  | growth]
  1900 | D:2      | Gained mutation: You are in touch with the powers of the
                  | sky. [Blue Draconian growth]
  2014 | D:2      | Found Agookera's Magic Scroll Shoppe.
  2022 | D:2      | Bought a scroll of teleportation for 30 gold pieces
  2022 | D:2      | Bought a scroll of teleportation for 30 gold pieces
  2204 | D:2      | Identified a scroll of acquirement
  2491 | D:2      | Reached skill level 7 in Fighting
  2674 | D:3      | Identified the cursed amulet of Laloela {Spirit *Contam rC+
                  | Str+3 Stlth+, (Curse: MR-)}
  2720 | D:2      | Acquired a +1 pair of gloves of strength
  3233 | D:3      | Reached skill level 8 in Fighting
  3444 | D:3      | Reached skill level 6 in Axes & Hammers
  3444 | D:3      | Reached XP level 8. HP: 77/99 MP: 5/8
  3921 | D:4      | Found a staircase to the Ecumenical Temple.
  4111 | D:4      | Found a blossoming altar of Fedhas.
  4117 | D:3      | Reached skill level 9 in Fighting
  4213 | D:4      | Found a stormy altar of Qazlal.
  4322 | Temple   | Entered the Ecumenical Temple
  4393 | Temple   | Became a worshipper of Hepliaklqana the Forgotten
  4438 | D:4      | Reached skill level 7 in Axes & Hammers
  4508 | D:4      | Reached skill level 10 in Fighting
  4640 | D:4      | Reached XP level 9. HP: 97/97 MP: 9/9
  4643 | D:4      | Identified the cursed +4 dagger "Grim Tooth" {pierce,
                  | rElec, (Curse: MR-)}
  4722 | D:4      | Found an iron altar of Okawaru.
  4848 | D:4      | Gained mutation: Your skin changes colour to match your
                  | surroundings (Stealth++). [potion of mutation]
  4848 | D:4      | Gained mutation: Your flesh is particularly susceptible to
                  | poisons. (rPois-) [potion of mutation]
  4849 | D:4      | Gained mutation: You can translocate small distances at
                  | will. [potion of mutation]
  4849 | D:4      | Gained mutation: You have difficulty communicating with the
                  | divine. [potion of mutation]
  5038 | D:4      | Found an opulent altar of Gozag.
  5307 | D:5      | Entered Level 5 of the Dungeon
  5307 | D:5      | Found a staircase to the Lair.
  5369 | D:5      | Found a flagged portal.
  5384 | Bailey   | Entered a bailey
  5389 | Bailey   | Noticed an orc warlord
  5442 | Bailey   | Found a runed translucent gate.
  5458 | Bailey   | Found a runed translucent gate.
  5460 | Bailey   | Found a runed translucent gate.
  5478 | Bailey   | Reached skill level 8 in Axes & Hammers
  5535 | Bailey   | Reached skill level 11 in Fighting
  5606 | Bailey   | Killed an orc warlord
  5607 | Bailey   | Reached skill level 12 in Fighting
  5607 | Bailey   | Reached skill level 9 in Axes & Hammers
  5607 | Bailey   | Gained mutation: You are naturally skilled at Long Blades
                  | (Aptitude +3). [draconic bloodline]
  5607 | Bailey   | Reached XP level 10. HP: 106/106 MP: 8/10
  5648 | Bailey   | Gained mutation: You are very weak, very clever and
                  | extremely agile. (STR -3, INT +3, DEX +12) [potion of
                  | mutation]
  5656 | Bailey   | Gained mutation: You are very weak, very clever and
                  | extremely agile. (STR -3, INT +3, DEX +12) [potion of
                  | mutation]
  5755 | D:5      | Reached skill level 1 in Shields
  5843 | D:5      | Reached skill level 3 in Dodging
  5867 | D:5      | Reached * piety under Hepliaklqana
  5942 | D:5      | Reached skill level 2 in Shields
  6191 | D:5      | Noticed Grum
  6193 | D:5      | Noticed a two-headed ogre
  6198 | D:5      | Reached skill level 4 in Dodging
  6198 | D:5      | Reached skill level 3 in Shields
  6243 | D:5      | Killed a two-headed ogre
  6255 | D:5      | Killed Grum
  6538 | D:5      | Reached skill level 4 in Shields
  6945 | D:5      | Reached skill level 10 in Axes & Hammers
  6945 | D:5      | Reached XP level 11. HP: 115/115 MP: 11/11
  6979 | D:5      | Reached skill level 5 in Dodging
  7085 | D:5      | Found a bloodstained altar of Trog.
  7473 | D:6      | Found an iron altar of Okawaru.
  7491 | D:6      | Found a staircase to the Orcish Mines.
  7718 | D:6      | Found a shimmering altar of Xom.
  7832 | D:6      | Reached skill level 5 in Shields
  7843 | D:6      | Noticed a death knight
  7876 | D:6      | Killed a death knight
  8233 | D:6      | Reached ** piety under Hepliaklqana
  8234 | D:6      | Remembered your ancestor Louis as a battlemage
  8235 | D:6      | Found a sparkling altar of Nemelex Xobeh.
  8267 | D:6      | Reached skill level 6 in Dodging
  8272 | D:6      | Found a white marble altar of Elyvilon.
  8330 | D:6      | Noticed a boulder beetle
  8340 | D:6      | Killed a boulder beetle
  8407 | D:6      | Noticed a death knight
  8446 | D:6      | Killed a death knight
  8550 | D:6      | Lost mutation: You are vulnerable to cold. (rC-) [potion of
                  | mutation]
  8550 | D:6      | Gained mutation: You have razor-sharp fangs. [potion of
                  | mutation]
  8550 | D:6      | Lost mutation: You can translocate small distances at will.
                  | [potion of mutation]
  8733 | Lair:1   | Entered Level 1 of the Lair of Beasts
  8873 | Lair:1   | Reached skill level 6 in Shields
  8980 | Lair:1   | Noticed an eight-headed hydra
  9460 | Lair:3   | Connectivity tunneler affected wad_woods_04.
  9460 | Lair:3   | Connectivity tunneler affected wad_woods_04.
  9460 | Orc:1    | Entered Level 1 of the Orcish Mines
  9466 | Orc:1    | You are cast into the Abyss!
  9466 | Orc:1    | Cast into level 1 of the Abyss (orc)
  9468 | Abyss:1  | Found a corrupted altar of Lugonu.
  9470 | Abyss:1  | Noticed a wretched star
  9514 | Abyss:1  | HP: 28/115 [small abomination (10)]
  9514 | Abyss:1  | HP: 7/115 [small abomination (8)]
  9514 | Abyss:1  | Mangled by a small abomination

Vanquished Creatures
  An orc warlord (Bailey)
  A death knight (D:6)
  A two-headed ogre (D:5)
  2 manticores (D:6)
  2 trolls (D:5)
  A rime drake (Lair:1)
  A tengu conjurer (D:5)
  A komodo dragon (Lair:1)
  A polar bear (D:5)
  A hornet (D:5)
  2 hippogriffs (D:6)
  A spiny frog (Lair:1)
  5 yaks
  A wyvern (D:6)
  3 war dogs (D:5)
  A guardian mummy (D:4)
  A warg (D:6)
  2 water moccasins
  A necrophage (D:6)
  5 orc warriors
  2 porcupines
  A scorpion (D:6)
  3 ice beasts
  2 sky beasts
  5 ogres
  A big kobold (D:2)
  6 crocodiles
  Blork the orc (D:2)
  A meliai zombie (D:3)
  2 howler monkeys
  6 wights
  A quasit (D:6)
  2 orc priests
  4 hounds
  8 jellies
  5 orc wizards
  2 wyvern zombies (D:4)
  2 worker ants
  A wyvern skeleton (D:3)
  4 giant cockroaches
  A boggart zombie (D:4)
  11 adders
  14 gnolls
  A gwybwca (D:4)
  20 sewer rats (D:2)
  5 cinder newts
  3 worms
  9 bullfrogs
  A worker ant zombie (D:5)
  2 oozes
  A hound skeleton (D:3)
  2 dart slugs
  5 leopard geckos
  35 orcs
  4 adder skeletons
  An adder zombie (D:5)
  2 ball pythons (D:2)
  2 bats
  A cinder newt skeleton (D:2)
  10 goblins
  6 hobgoblins
  5 jackals (D:4)
  9 kobolds
  4 quokkas
  A jackal skeleton (D:3)
  2 leopard gecko skeletons
  A leopard gecko zombie (D:4)
  A quokka skeleton (D:3)
  3 rats (D:1)
  A plant (D:5)
  6 withered plants (D:2)
262 creatures vanquished.

Vanquished Creatures (collateral kills)
  A boulder beetle (D:6)
  A death knight (D:6)
  A deep elf mage (D:6)
  A polar bear (D:5)
  A hornet (D:5)
  A spiny frog (Lair:1)
  A cyclops (D:6)
  Grum (D:5)
  A war dog (D:5)
  A yak (Lair:1)
  A warg (D:6)
  A water moccasin (Lair:1)
  2 orc warriors
  A porcupine (D:5)
  An ice beast (D:5)
  An ogre (Orc:1)
  2 wights (D:4)
  A hound (D:6)
  A worker ant (D:5)
  A water moccasin skeleton (D:5)
  A gnoll (D:5)
  A cinder newt (D:6)
  A bullfrog (D:5)
  3 orcs
  2 goblins (Bailey)
  2 bats
  9 kobolds (Bailey)
  2 withered plants (D:2)
43 creatures vanquished.

Vanquished Creatures (others)
  A spiny frog (Lair:1)
  A shadow (D:6)
  An adder (D:2)
  4 ancestors
  3 battlemagi
  2 bushes
  A butterfly (D:4)
  4 fungi
  A giant blowfly (D:2)
  5 plants
  78 withered plants (D:2)
101 creatures vanquished.

Grand Total: 406 creatures vanquished

Table legend:
 A = Non-vault XP
 B = Vault XP
 C = Vault XP percentage of total XP
 D = Non-vault monster count
 E = Vault monster count
 F = Vault count percentage of total count
                 A         B        C        D         E       F
            +---------+---------+-------+---------+---------+-------
      Total |   16025 |    5228 |  24.6 |     246 |      52 |  17.4
            +---------+---------+-------+---------+---------+-------
        D:1 |      75 |       0 |   0.0 |      17 |       0 |   0.0
        D:2 |     770 |      74 |   8.8 |      44 |       1 |   2.2
        D:3 |    1008 |       0 |   0.0 |      43 |       0 |   0.0
        D:4 |    1210 |     182 |  13.1 |      42 |       2 |   4.5
        D:5 |    3748 |    1971 |  34.5 |      57 |      12 |  17.4
        D:6 |    6077 |     711 |  10.5 |      22 |      10 |  31.2
     Lair:1 |    3012 |       0 |   0.0 |      17 |       0 |   0.0
      Orc:1 |     122 |       0 |   0.0 |       3 |       0 |   0.0
    Abyss:1 |       3 |       0 |   0.0 |       1 |       0 |   0.0
     Bailey |       0 |    2290 | 100.0 |       0 |      27 | 100.0
            +---------+---------+-------+---------+---------+-------

Illustrated notes

Table legend:
 A = Kills in this place as a percentage of kills in entire the game.
 B = Kills by you in this place as a percentage of kills by you in the entire game.
 C = Kills by friends in this place as a percentage of kills by friends in the entire game.
 D = Other kills in this place as a percentage of other kills in the entire game.
 E = Experience gained in this place as a percentage of experience gained in the entire game.
 F = Experience gained in this place divided by the number of levels of this place that you have seen.
                   A       B       C       D       E      F
               +-------+-------+-------+-------+-------+----------------------
         Total | 100.0 | 100.0 | 100.0 | 100.0 | 100.0 | 1932.1
       Dungeon |  83.9 |  87.8 |  61.0 |  50.0 |  74.5 | 2637.7
          Lair |   5.7 |   5.1 |   7.3 |  50.0 |  14.2 | 3012.0
  Orcish Mines |   1.0 |   0.4 |   4.9 |   0.0 |   0.6 | 122.0
         Abyss |   0.3 |   0.4 |   0.0 |   0.0 |   0.0 |   3.0
        Bailey |   9.1 |   6.3 |  26.8 |   0.0 |  10.8 | 2290.0
               +-------+-------+-------+-------+-------+----------------------

Table legend: (Time is in decaauts)
 A = Elapsed time spent in this place.
 B = Non-inter-level travel time spent in this place.
 C = Inter-level travel time spent in this place.
 D = Time resting spent in this place.
 E = Time spent auto-exploring this place.
 F = Levels seen in this place.
 G = Mean time per level.
                   A        B        C        D        E       F      G
               +--------+--------+--------+--------+--------+-----+--------+
         Total |   9994 |   9655 |    339 |   1466 |   5584 |  11 |  908.5 |
       Dungeon |   8951 |   8634 |    317 |   1344 |   5364 |   6 | 1491.8 |
        Temple |     94 |     72 |     22 |      0 |     45 |   1 |   94.0 |
          Lair |    554 |    554 |      0 |     46 |    116 |   1 |  554.0 |
  Orcish Mines |      6 |      6 |      0 |      0 |      0 |   1 |    6.0 |
         Abyss |     48 |     48 |      0 |      0 |      0 |   1 |   48.0 |
        Bailey |    339 |    339 |      0 |     76 |     59 |   1 |  339.0 |
               +--------+--------+--------+--------+--------+-----+--------+

Top non-repeatable levels by time:
     D:2: 1922 daAuts
     D:6: 1679 daAuts
     D:5: 1668 daAuts
     D:3: 1552 daAuts
     D:4: 1083 daAuts
     D:1: 1044 daAuts
  Lair:1: 554 daAuts
  Bailey: 339 daAuts
  Temple: 94 daAuts
 Abyss:1: 48 daAuts
   Orc:1: 6 daAuts
